 Dungeon Crawl Stone Soup version 0.18-a0-1726-g399342b (webtiles) character file.

258 Ekaitz the Chiller (level 6, -7/39 HPs)
             Began as an Octopode Ice Elementalist on Mar 25, 2016.
             Mangled by an ogre
             ... wielding a +0 giant spiked club
              (20 damage)
             ... on level 4 of the Dungeon on Mar 26, 2016.
             The game lasted 00:11:30 (3508 turns).

Ekaitz the Chiller (Octopode Ice Elementalist)      Turns: 3508, Time: 00:11:30

Health: -7/39      AC:  7    Str: 10    XL:     6   Next: 16%
Magic:  2/10       EV: 13    Int: 17    God:
Gold:   26         SH:  0    Dex: 12    Spells: 4 memorised, 1 level left

rFire  x . .     SeeInvis .     m - +0 falchion (venom)
rCold  + . .     Gourm    .     (no shield)
rNeg   + . .     Faith    .     (helmet restricted)
rPois  .         Spirit   .     (no amulet)
rElec  .         Dismiss  .     e - ring of positive energy
rCorr  .         Reflect  .     v - ring of ice
SustAt .         Harm     .     (no ring)
MR     .....                    (no ring)
Stlth  ++++......               (no ring)
                                (no ring)
                                (no ring)
                                (no ring)

@: icy armour, slow, not resistant to hostile enchantments, stealthy
A: almost no armour, amphibious, 8 rings, constrict 8, camouflage 1, gelatinous
body 1
a: no special abilities


You were on level 4 of the Dungeon.
You were very hungry.

You visited 2 branches of the dungeon, and saw 5 of its levels.

You collected 377 gold pieces.
You spent 351 gold pieces at shops.

Inventory:

Hand Weapons
 m - a +0 falchion of venom (weapon)
 n - a +0 halberd
Missiles
 k - a throwing net (quivered)
Jewellery
 e - a ring of positive energy (left tentacle)
 v - a ring of ice (right tentacle)
Scrolls
 d - 4 scrolls of remove curse {unknown}
 f - 2 scrolls of noise {unknown}
 g - 3 scrolls of recharging {unknown}
 h - 2 scrolls of identify {unknown}
 i - 2 scrolls of teleportation {unknown}
 j - 2 scrolls of magic mapping {unknown}
 l - a scroll of amnesia {unknown}
 o - 2 scrolls of enchant weapon {unknown}
 q - a scroll of blinking {unknown}
Potions
 p - 2 potions of agility {unknown}
 r - a potion of haste {unknown}
 s - 2 potions of curing {unknown}
Books
 a - a book of Frost

   Spells                             Type                      Level
   a - Freeze                         Ice                          1
   b - Throw Frost                    Conjuration/Ice              2
   c - Ozocubu's Armour               Charms/Ice                   3
   d - Throw Icicle                   Conjuration/Ice              4
   e - Summon Ice Beast               Ice/Summoning                4
Comestibles
 b - 2 bread rations
 c - 3 meat rations
 t - a slice of pizza


   Skills:
 * Level 2.1 Fighting
 + Level 2.8 Dodging
 + Level 3.8 Stealth
 + Level 0.2 Unarmed Combat
 + Level 3.0 Spellcasting
 * Level 1.7 Conjurations
 + Level 4.5 Ice Magic


You had one spell level left.
You knew the following spells:

 Your Spells              Type           Power        Failure   Level  Hunger
a - Freeze                Ice            ####         2%          1    None
b - Throw Frost           Conj/Ice       ###...       10%         2    ##.....
c - Ozocubu's Armour      Chrm/Ice       ###.....     21%         3    ###....
d - Throw Icicle          Conj/Ice       ###.....     58%         4    ####...


Dungeon Overview and Level Annotations

Branches:
Dungeon (4/15)             Temple (1/1) D:4

Altars:
Ashenzari
Cheibriados
Elyvilon
Fedhas
Gozag
Hepliaklqana
Kikubaaqudgha
Makhleb
Trog
Xom
Yredelemnul
Zin
The Shining One

Shops:
D:4 =


Innate Abilities, Weirdness & Mutations

You cannot wear most types of armour.
You are amphibious.
You can wear up to eight rings at the same time.
You can use your tentacles to constrict eight enemies at once.
Your skin changes colour to match your surroundings (Stealth).
Your rubbery body absorbs attacks (AC +1).


Message History

The orc hits you but does no damage.
You hit the orc.
You kill the orc!
You barely miss the ogre. The ogre barely misses you.
You hit the ogre.
The ogre is poisoned.
The ogre is moderately wounded.
The ogre hits you with a giant spiked club!
You barely miss the ogre.
The ogre is heavily wounded.
The ogre hits you with a giant spiked club!
Casting: Throw Frost
Confirm with . or Enter, or press ? or * to list all spells.
Aiming: Throw Frost
Press: ? - help, Shift-Dir - straight line, f - ogre
Aim: an ogre, wielding a giant spiked club (heavily wounded, poisoned)
You feel a surge of power!
The puff of frost hits the ogre.
The ogre is heavily wounded.
The ogre hits you with a giant spiked club!!
Ouch! That really hurt!
You die...

..# ..# .# #! ..# <.
... ..# .# #O# ..#
...So ..# .#O# #.# ...
#.###################?#
'[..............@OS..>#
#.##.......##########.#
####.......# .#
####.......## +#
...'........##
####.........#
###......[#.##
#..8.8.8..#..#
#...⌠"⌠..###.##


You could see an ogre and an adder.

Vanquished Creatures
  A crimson imp (D:3)
  A giant frog skeleton (D:4)
  A worker ant (D:4)
  3 gnolls (D:2)
  4 adders
  2 oozes (D:1)
  2 worms
  2 dart slugs (D:1)
  A giant gecko (D:2)
  4 orcs
  A ball python (D:2)
  6 bats
  5 giant cockroaches
  14 goblins
  10 hobgoblins
  4 jackals (D:3)
  2 quokkas
  3 giant newts
  10 kobolds
  11 rats
  A fungus (D:1)
88 creatures vanquished.

Notes
Turn   | Place    | Note
--------------------------------------------------------------
     0 | D:1      | Ekaitz the Octopode Ice Elementalist began the quest for the Orb.
     0 | D:1      | Reached XP level 1. HP: 11/11 MP: 3/3
    74 | D:1      | Reached XP level 2. HP: 9/17 MP: 0/5
    78 | D:1      | Learned a level 2 spell: Throw Frost
   335 | D:1      | Reached XP level 3. HP: 12/21 MP: 1/6
   384 | D:1      | Learned a level 3 spell: Ozocubu's Armour
   394 | D:1      | Reached skill level 4 in Ice Magic
  1229 | D:2      | Reached skill level 1 in Fighting
  1229 | D:2      | Reached XP level 4. HP: 14/28 MP: 1/7
  1259 | D:2      | Found a white marble altar of Elyvilon.
  1693 | D:2      | Found a basalt altar of Yredelemnul.
  2035 | D:3      | Found a blossoming altar of Fedhas.
  2142 | D:3      | Reached XP level 5. HP: 22/33 MP: 8/8
  2170 | D:3      | Found a glowing silver altar of Zin.
  2171 | D:3      | Found an opulent altar of Gozag.
  2917 | D:4      | Found Nuxaer's Jewellery Boutique.
  2937 | D:4      | Bought an uncursed ring of ice for 325 gold pieces
  2937 | D:4      | Bought a cursed amulet of inaccuracy for 26 gold pieces
  2962 | D:4      | Reached XP level 6. HP: 18/39 MP: 10/10
  2968 | D:4      | Learned a level 4 spell: Throw Icicle
  3194 | D:4      | Found a staircase to the Ecumenical Temple.
  3200 | Temple   | Entered the Ecumenical Temple
  3508 | D:4      | Mangled by an ogre

Vault maps used:
D:1:      saegor_arrival_simple_d, corner_web_ring, minmay_gold_behind_fungi
D:2:      kennysheep_ying_yang, first_bread, minmay_misc_feat_ornament,
          minmay_close_crescents
D:3:      grunt_temple_overflow_gold_and_silver, lemuel_coloured_pillars_altar
D:4:      minmay_temple_entry_enclosed_plants, serial_shops,
          nicolae_shop_temple_entry_statues_fountains, st_stairs_9
Temple:   jpeg_temple_alley_garden_8

Skill      XL: |  1  2  3  4  5  6 |
---------------+-------------------+-----
Ice Magic      | 4 |  4.5
Stealth        | 3 |  3.8
Fighting       | 1 2 |  2.1
Spellcasting   | 3 |  3.0
Dodging        | |  2.8
Unarmed Combat | |  0.2
Conjurations   | |  1.7

Action                   |  1- 3 |  4- 6 || total
-------------------------+-------+-------++-------
Melee: Unarmed           |    83 |     9 ||    92
       Falchion          |       |    61 ||    61
 Cast: Freeze            |    19 |     8 ||    27
       Throw Frost       |    11 |    36 ||    47
       Ozocubu's Armour  |       |     4 ||     4
 Stab: Sleeping          |     8 |    10 ||    18
  Eat: Chunk             |     2 |     9 ||    11
